 Dungeon Crawl Stone Soup version 0.31-a0-1001-g770356a28f (webtiles) character file.

Game seed: 12089951257552980023

10 Maratek the Covered (level 2, 0/19 HPs)
             Began as a Gargoyle Fighter on Nov 8, 2023.
             Slain by a kobold
             ... wielding a +0 whip
              (1 damage)
             ... on level 1 of the Dungeon.
             The game lasted 00:00:26 (169 turns).

Maratek the Covered (Gargoyle Fighter)               Turns: 169, Time: 00:00:27

Health: 0/19       AC:  9    Str: 19    XL:     2   Next: 20%
Magic:  2/2        EV:  9    Int:  8    God:
Gold:   0          SH:  4    Dex:  9    Spells: 1/1 levels left

rFire   . . .        a - +0 flail
rCold   . . .        c - +0 buckler
rNeg    + . .        b - +0 scale mail
rPois   ∞            (no helmet)
rElec   +            (no cloak)
rCorr   .            (no gloves)
SInv    .            (no boots)
Will    .....        (no amulet) Stlth
                     (no ring)
HPRegen 0.23/turn    (no ring)
MPRegen 0.08/turn

%: no passive effects
@: no status effects
A: sickness immunity, AC +2, negative energy resistance 1, electricity
resistance, torment resistance 1, petrification resistance
a: no special abilities


You were on level 1 of the Dungeon.
You visited 1 branch of the dungeon, and saw 1 of its levels.

Inventory:

Hand Weapons
 a - a +0 flail (weapon)
Armour
 b - a +0 scale mail (worn)
 c - a +0 buckler (worn)
Scrolls
 e - a scroll of identify {unknown}
Potions
 d - a potion of might
 f - 3 potions of brilliance {unknown}


   Skills:
 + Level 3.5 Fighting
 + Level 2.1 Maces & Flails
 + Level 3.5 Armour
 + Level 3.5 Shields


You had one spell level left.
You didn't know any spells.
Your spell library was empty.

Dungeon Overview and Level Annotations

Branches:
Dungeon (1/15)

Altars:


Innate Abilities, Weirdness & Mutations

You are immune to sickness and miasma.
Your stone body is resilient. (AC +2)
You are immune to poison.
You resist negative energy. (rN+)
You are resistant to electric shocks. (rElec)
You are resistant to unholy torment.
You are immune to petrification.


Message History

You are too injured to fight recklessly!
You are too injured to fight recklessly!
You are too injured to fight recklessly!
You barely miss the hobgoblin. The rat bites you but does no damage.
The hobgoblin hits you but does no damage.
The kobold hits you but does no damage.
You hit the hobgoblin.
The hobgoblin is heavily wounded.
The rat bites you but does no damage. The kobold closely misses you.
The hobgoblin closely misses you.
You closely miss the hobgoblin.
The hobgoblin is heavily wounded.
The frilled lizard bites you but does no damage.
The rat completely misses you. The kobold barely misses you.
The hobgoblin hits you but does no damage.
You barely miss the hobgoblin.
The hobgoblin is heavily wounded.
The rat bites you but does no damage. The kobold hits you with a +0 whip.
* * * LOW HITPOINT WARNING * * *
The frilled lizard closely misses you. The hobgoblin barely misses you.
The hobgoblin closely misses you. You block the rat's attack.
The frilled lizard bites you.
* * * LOW HITPOINT WARNING * * *
The kobold hits you but does no damage.
You closely miss the hobgoblin.
The hobgoblin is heavily wounded.
The frilled lizard bites you but does no damage.
You block the rat's attack. The kobold barely misses you.
The hobgoblin hits you but does no damage.
You hit the hobgoblin.
The hobgoblin is severely wounded.
The frilled lizard bites you.
* * * LOW HITPOINT WARNING * * *
The kobold hits you but does no damage. The rat bites you but does no damage.
The hobgoblin closely misses you.
You closely miss the hobgoblin.
The hobgoblin is severely wounded.
The frilled lizard bites you but does no damage.
The rat bites you but does no damage. The kobold hits you with a +0 whip.
You die...

#.#........# #.#####+#
#.#........###.#####[###
#..........>(..........#
#.##...#.###............
#.##...#.#.'....####..#.
#.####.#.#.#............
#...)....#.#............
#####.####.####.rl......
...##......# #.@g......
##.#...#########.K......
#.#.#.##...............
#.#.#.##.######......).
#.....##'## #........
###.##....# #.......#
#.##....# ######.....
#..+^...###....###.##
####......'......#


You could see a hobgoblin, a kobold, a frilled lizard and a rat.

Vanquished Creatures
  A dart slug (D:1)
  A bat (D:1)
  3 endoplasms (D:1)
  A quokka (D:1)
  A ball python (D:1)
7 creatures vanquished.

Notes
Turn   | Place    | Note
-------+----------+-------------------------------------------
     0 | D:1      | Maratek the Gargoyle Fighter began the quest for the Orb.
     0 | D:1      | Reached XP level 1. HP: 14/14 MP: 1/1
   106 | D:1      | Reached XP level 2. HP: 16/19 MP: 2/2
   169 | D:1      | Slain by a kobold

Illustrated notes

Levels and vault maps discovered:
D:1:      sevenhm_arrival_forest_fort_small_6, layout_basic, minmay_pentomino_x4

Action                     || total
---------------------------++-------
  Melee: Flail             ||    22
 Armour: Scale mail        ||    35
  Dodge: Dodged            ||    14
  Block: Buckler           ||     8

Table legend: (Time is in decaauts)
 A = Elapsed time spent in this place.
 B = Non-inter-level travel time spent in this place.
 C = Inter-level travel time spent in this place.
 D = Time resting spent in this place.
 E = Time spent auto-exploring this place.
 F = Levels seen in this place.
 G = Mean time per level.
                   A        B        C        D        E       F      G
               +--------+--------+--------+--------+--------+-----+--------+
         Total |    175 |    175 |      0 |      0 |    118 |   1 |  175.0 |
       Dungeon |    175 |    175 |      0 |      0 |    118 |   1 |  175.0 |
               +--------+--------+--------+--------+--------+-----+--------+

Top non-repeatable levels by time:
     D:1: 175 daAuts
